 Dungeon Crawl Stone Soup version 0.28.0-53-g5a82cb258f (webtiles) character file.

Game seed: 577406444755452323

11977 MajorAdolf the Fighter (level 11, 0/103 HPs)
             Began as a Naga Wanderer on June 29, 2022.
             Was an Initiate of Gozag.
             Slain by a two-headed ogre
             ... wielding a +0 giant club
              (15 damage)
             ... on level 11 of the Dungeon.
             The game lasted 00:19:43 (14815 turns).

MajorAdolf the Fighter (Naga Wanderer)             Turns: 14815, Time: 00:19:45

Health: 0/103      AC: 21    Str: 22    XL:     11   Next: 86%
Magic:  11/11      EV: 11    Int: 10    God:    Gozag
Gold:   509        SH: 16    Dex: 10    Spells: 10/10 levels left

rFire   + . .      SeeInvis +   n - +2 hand axe (vorpal)
rCold   . . .      Faith    .   M - +3 tower shield {AC+3}
rNeg    . . .      Spirit   .   b - +2 scale mail
rPois   +          Reflect  .   h - +0 helmet
rElec   +          Harm     .   c - +0 cloak {rCorr}
rCorr   +          Rampage  .   F - +0 pair of gloves
Will    +....                   (no barding)
Stlth   ..........              (no amulet)
HPRegen 0.27/turn               l - ring "Cyloew" {rElec rPois rF+ AC+4}
MPRegen 0.12/turn               o - +4 ring of evasion

@: gold aura, unable to read, very slow
A: AC +3, large, see invisible, deformed body, poison resistance, slowness 2,
spit poison 1, naga tail 1, inability to read while threatened
a: Spit Poison, Renounce Religion, Potion Petition, Call Merchant, Bribe Branch


You were on level 11 of the Dungeon.
You worshipped Gozag.
Gozag was pleased with you.
You visited 2 branches of the dungeon, and saw 13 of its levels.
You also visited: Sewer.

You collected 1608 gold pieces.
You spent 307 gold pieces at shops.
You paid 792 gold pieces to Gozag.

Inventory:

Hand Weapons
 a - a +0 mace
 f - a +2 mace of protection
 n - a +2 vorpal hand axe (weapon)
 w - a +0 whip of holy wrath
Armour
 b - a +2 scale mail (worn)
 c - a +0 cloak of preservation (worn)
 h - a +0 helmet (worn)
 y - a +1 cloak
 F - a +0 pair of gloves (worn)
 M - a +3 tower shield of protection (worn)
Jewellery
 l - the ring "Cyloew" (left hand) {rElec rPois rF+ AC+4}
   (You found it on level 3 of the Dungeon)

   [ring of protection]

   AC:        It affects your AC (+4).
   rF:        It protects you from fire.
   rElec:     It insulates you from electricity.
   rPois:     It protects you from poison.
 o - a +4 ring of evasion (right hand)
 C - a ring of magical power
 I - an amulet of reflection
 L - a ring of willpower
Wands
 B - a wand of acid (6)
 D - a wand of polymorph (10)
 J - a wand of paralysis (2)
Scrolls
 i - 3 scrolls of immolation
 k - 3 scrolls of noise
 m - 4 scrolls of identify
 p - 6 scrolls of magic mapping
 q - 5 scrolls of enchant weapon
 r - 3 scrolls of fog
 u - a scroll of brand weapon {unknown}
 x - 3 scrolls of amnesia
 E - 2 scrolls of teleportation
 H - a scroll of silence
Potions
 d - a potion of brilliance
 e - 5 potions of curing
 g - a potion of heal wounds {unknown}
 t - 5 potions of flight
 v - 2 potions of cancellation {unknown}
 z - 2 potions of ambrosia {unknown}
 A - 3 potions of mutation {unknown}
 G - 2 potions of attraction {unknown}
 K - 2 potions of haste {unknown}


   Skills:
 + Level 8.0 Fighting
 + Level 7.5(7.8) Axes
 - Level 3.0(5.6) Maces & Flails
 + Level 7.8 Armour
 + Level 6.2 Dodging
 + Level 6.6 Shields
 + Level 6.6 Evocations


You had 10 spell levels left.
You didn't know any spells.
Your spell library contained the following spells:

 Spells                   Type           Power      Damage    Failure   Level
 Blink                    Tloc           0%         N/A       100%        2
 Lesser Beckoning         Tloc           0%         N/A       100%        3
 Airstrike                Air            0%         N/A       100%        4
 Summon Lightning Spire   Summ/Air       0%         N/A       100%        4
 Lightning Bolt           Conj/Air       0%         1d11      100%        5
 Manifold Assault         Tloc           0%         N/A       100%        5


Dungeon Overview and Level Annotations

Branches:
Dungeon (12/15)            Temple (1/1) D:5             Orc (0/2) D:10
  Sewer (visited)
   Lair: D:8-11

Altars:
Ashenzari
Cheibriados
Dithmenos
Elyvilon
Fedhas
Gozag
Hepliaklqana
Kikubaaqudgha
Makhleb
Nemelex Xobeh
Okawaru
Qazlal
Ru
Sif Muna
Trog
Uskayaw
Vehumet
Wu Jian
Xom
Yredelemnul
Zin
The Shining One
Beogh

Shops:
D:3 ?   D:7 (   D:10 [

Annotations:
D:5 3 runed translucent doors, MisterFreud's ghost, novice GnDe
D:6 3 runed translucent doors, Zarnosh's ghost, amateur DgCj
D:7 4 transporters, exclusion: ice statue, diceflayer's ghost, novice MiFi
D:10 3 runed translucent doors, Ashen's ghost, journeyman OgIE


Innate Abilities, Weirdness & Mutations

Your serpentine skin is tough. (AC +3)
You have supernaturally acute eyesight. (SInv)
Armour fits poorly on your strangely shaped body.
Your system is resistant to poisons. (rPois)
You cover ground very slowly.
You can spit poison.
You have a snake-like lower body.
You sometimes lose the ability to read scrolls when taking damage.


Message History

The human simulacrum is heavily damaged.
You block the human simulacrum's attack.
You hit the human simulacrum.
The human simulacrum is severely damaged.
The human simulacrum hits you but does no damage.
You hit the human simulacrum.
The human simulacrum vaporises!
Unknown command.
Really slither into that cloud of freezing vapour? [Y]es or [N]o only, please.
Really slither into that cloud of freezing vapour?
Okay, then.
There is a stone staircase leading down here.
You climb downwards.
You feel a wave of frost pass over you.
There is an entrance to an ice cave on this level.
Hurry and find it before the portal melts!
You hear the faint crackling of a melting archway very nearby.
You block the two-headed ogre's attack.
The two-headed ogre hits you with a +0 giant spiked club!
You feel threatened and lose the ability to read scrolls!
* * * LOW HITPOINT WARNING * * *
The deep elf pyromancer gestures at you while chanting.
The sticky flame hits you but does no damage.
You are covered in liquid flames!
There is a stone staircase leading up, spattered with blood here.
You are covered in liquid flames!
* * * LOW HITPOINT WARNING * * *
You block the two-headed ogre's attack. The two-headed ogre barely misses you.
You climb upwards.
You are covered in liquid flames!
* * * LOW HITPOINT WARNING * * *
You can read scrolls again.
There is a stone staircase leading down here.
As you read the scroll of fear, it crumbles to dust.
You assume a fearsome visage.
The two-headed ogre resists with some effort.
The two-headed ogre hits you with a +0 giant club!
You feel threatened and lose the ability to read scrolls!
You die...
Your body crumbles into a pile of gold.

####### ### ##### ##
#.###.....####.######...## ###.#
...#........#....##......###....
#.......^...........[.....#....#
##..............O.....#......[..#
#.......#....[..@.....#.........#
.#.............#.$$..$....$..#...
....#...................$$$.....#
..................$............#.
................$....).........##
....................$............
.................................
##..............................#
###......................$....PP


You could see a two-headed ogre.

Vanquished Creatures
  Erolcha (D:11)
  A two-headed ogre (D:10)
  A cyclops (D:11)
  A komodo dragon (D:11)
  Maggie (D:6)
  3 kobold demonologists
  2 trolls
  A hornet (D:10)
  Prince Ribbit (D:5)
  19 yaks
  A shadow (D:10)
  5 wyverns
  A vampire (D:9)
  A wraith (D:9)
  2 black bears
  2 orc warriors (D:10)
  4 water moccasins
  A sky beast (D:6)
  A necrophage (D:8)
  An ice beast (D:8)
  3 ogres
  4 centaurs
  A kobold brigand (D:9)
  A bullfrog (D:7)
  2 scorpions
  A wyvern skeleton (D:7)
  5 howler monkeys
  A crimson imp (D:4)
  2 centaur zombies
  5 hounds
  6 orc priests
  A bullfrog skeleton (D:7)
  2 centaur skeletons
  3 iguanas
  7 orc wizards
  2 killer bee zombies
  2 hound zombies (D:5)
  2 human simulacra (D:11)
  A hound skeleton (D:4)
  Robin (D:3)
  A howler monkey zombie (D:9)
  A howler monkey skeleton (D:6)
  9 adders
  3 river rats (Sewer)
  A white imp (D:4)
  2 ufetubi
  An adder skeleton (D:4)
  3 worms
  2 dart slugs (D:1)
  21 orcs
  10 ball pythons
  9 endoplasms
  8 giant cockroaches
  11 goblins
  10 hobgoblins
  4 jackals
  4 quokkas
  13 bats
  5 frilled lizards
  8 kobolds
  9 rats
237 creatures vanquished.

Vanquished Creatures (collateral kills)
  A deep elf pyromancer (D:11)
  3 yaks (D:11)
  A howler monkey (D:11)
5 creatures vanquished.

Vanquished Creatures (others)
  6 fungi
  11 plants (D:11)
17 creatures vanquished.

Grand Total: 259 creatures vanquished

Notes
Turn   | Place    | Note
-------+----------+-------------------------------------------
     0 | D:1      | MajorAdolf the Naga Wanderer began the quest for the Orb.
     0 | D:1      | MajorAdolf set off with the following items: a +0 mace, a
                  | +2 scale mail, a +0 buckler
     0 | D:1      | Reached XP level 1. HP: 18/18 MP: 1/1
    31 | D:1      | Found a faded altar of an unknown god.
   296 | D:1      | Reached skill level 2 in Fighting
   296 | D:1      | Reached XP level 2. HP: 26/26 MP: 2/2
   729 | D:1      | Reached XP level 3. HP: 28/33 MP: 3/3
  1911 | D:2      | Reached XP level 4. HP: 40/40 MP: 4/4
  2165 | D:3      | Reached skill level 1 in Dodging
  2167 | D:3      | Reached skill level 3 in Fighting
  2222 | D:3      | Reached skill level 1 in Axes
  2222 | D:3      | Reached XP level 5. HP: 44/49 MP: 5/5
  2260 | D:3      | Found Bekitz's Magic Scroll Emporium.
  2263 | D:3      | Noticed Robin
  2276 | D:3      | Killed Robin
  2292 | D:3      | Found a glowing drain.
  2306 | D:3      | Identified the ring "Cyloew" {rElec rPois rF+ AC+4}
  2314 | Sewer    | Entered a sewer
  2837 | Sewer    | Reached XP level 6. HP: 51/56 MP: 6/6
  3216 | D:3      | Bought a scroll of magic mapping for 38 gold pieces
  3554 | D:3      | Noticed a black bear
  3562 | D:3      | Killed a black bear
  3992 | D:4      | Reached XP level 7. HP: 58/63 MP: 7/7
  4275 | D:4      | Reached skill level 5 in Armour
  4526 | D:5      | Entered Level 5 of the Dungeon
  4575 | D:5      | Reached skill level 4 in Fighting
  4654 | D:5      | Noticed Prince Ribbit
  4665 | D:5      | Killed Prince Ribbit
  4666 | D:5      | Reached XP level 8. HP: 56/73 MP: 8/8
  4885 | D:5      | Found a staircase to the Ecumenical Temple.
  5003 | D:5      | Found a runed translucent gate.
  5003 | D:5      | Noticed MisterFreud's ghost (novice GnDe)
  5009 | D:5      | Found a runed translucent gate.
  5009 | D:5      | Found a runed translucent gate.
  5161 | Temple   | Entered the Ecumenical Temple
  5321 | Temple   | Became a worshipper of Gozag Ym Sagoz the Greedy
  5760 | D:6      | Noticed Maggie
  5779 | D:6      | Killed Maggie
  5780 | D:6      | Reached skill level 5 in Fighting
  5780 | D:6      | Reached skill level 1 in Evocations
  6429 | D:6      | Found a runed translucent gate.
  6429 | D:6      | Found a runed translucent gate.
  6429 | D:6      | Found a runed translucent gate.
  6430 | D:6      | Noticed Zarnosh's ghost (amateur DgCj)
  6470 | D:6      | Reached XP level 9. HP: 66/81 MP: 9/9
  7008 | D:7      | Found a transporter.
  7019 | D:7      | Noticed diceflayer's ghost (novice MiFi)
  7030 | D:7      | Noticed an ice statue
  7030 | D:7      | Noticed an unseen horror
  7043 | D:7      | Found a transporter.
  7062 | D:7      | Noticed a troll
  7075 | D:7      | HP: 3/81 [troll (2)]
  7092 | D:7      | Killed a troll
  7843 | D:7      | Found Iczegel's Antique Weapon Boutique.
  7991 | D:7      | Found a transporter.
  7992 | D:7      | Noticed a troll
  8276 | D:7      | Found a transporter.
  8357 | D:8      | Reached skill level 5 in Axes
  8416 | D:8      | Reached skill level 6 in Fighting
  9320 | D:9      | Found a shadowy altar of Dithmenos.
  9321 | D:9      | Found a blossoming altar of Fedhas.
  9391 | D:8      | Reached XP level 10. HP: 43/91 MP: 10/10
  9394 | D:8      | Reached skill level 5 in Shields
  9726 | D:9      | Found a sacrificial altar of Ru.
  9794 | D:9      | Found a broken altar of Ashenzari.
 10458 | D:9      | Found an ornate altar of the Wu Jian Council.
 10461 | D:9      | Found a glowing silver altar of Zin.
 10465 | D:9      | Noticed a kobold demonologist
 10474 | D:9      | Noticed a rust devil
 10476 | D:9      | Noticed a soul eater
 10479 | D:9      | Killed a kobold demonologist
 10480 | D:9      | Noticed a kobold demonologist
 10484 | D:9      | Noticed a rust devil
 10496 | D:10     | Entered Level 10 of the Dungeon
 10504 | D:10     | Killed a kobold demonologist
 10581 | D:9      | Noticed a kobold demonologist
 10600 | D:9      | Gained mutation: You sometimes lose the ability to read
                  | scrolls when taking damage. [a neqoxec]
 10601 | D:9      | Killed a kobold demonologist
 10602 | D:9      | Reached skill level 5 in Dodging
 10950 | D:10     | Noticed a two-headed ogre
 10969 | D:10     | Killed a two-headed ogre
 11013 | D:10     | Reached skill level 5 in Evocations
 11100 | D:10     | Found a staircase to the Orcish Mines.
 11240 | D:10     | Bought a glowing tower shield for 187 gold pieces
 11359 | D:9      | Reached skill level 7 in Fighting
 11677 | D:10     | Reached XP level 11. HP: 54/100 MP: 11/11
 12440 | D:10     | Noticed Ashen's ghost (journeyman OgIE)
 12440 | D:10     | Noticed a deep elf pyromancer
 12448 | D:10     | Found a runed translucent gate.
 12448 | D:10     | Found a runed translucent gate.
 12449 | D:10     | Found a runed translucent gate.
 13289 | D:3      | Bought a scroll of enchant armour for 82 gold pieces
 14014 | D:11     | Noticed a cyclops
 14088 | D:11     | Killed a cyclops
 14497 | D:11     | Noticed Erolcha
 14502 | D:11     | Killed Erolcha
 14666 | D:11     | Noticed a deep elf pyromancer
 14679 | D:12     | Noticed a two-headed ogre
 14682 | D:12     | Noticed a deep elf pyromancer
 14691 | D:11     | Noticed a two-headed ogre
 14771 | D:11     | Reached skill level 8 in Fighting
 14772 | D:11     | Killed a deep elf pyromancer
 14815 | D:11     | Slain by a two-headed ogre

Illustrated notes

Levels and vault maps discovered:
D:1:      scummos_arrival_forest, layout_basic, ebering_ecumenical_altar_hall
D:2:      layout_loops_ring
D:3:      layout_basic, serial_shops, nicolae_shop_statue_plus,
          cheibrodos_sewer_entry_drain, uniq_robin
D:4:      minmay_inner_zag, layout_loops_ring, supply_closet_lemuel,
          minmay_fire_ice_demons
D:5:      layout_basic, minmay_temple_entry_gardened_gates,
          gammafunk_ghost_nasty_kobolds, uniq_prince_ribbit1
D:6:      layout_basic, gammafunk_ghost_necromancy, uniq_maggie
D:7:      gammafunk_beogh_shrine, layout_loops_corners, nzn_ghost_randoct,
          nicolae_take_the_stairs, minmay_starry_boxes
D:8:      layout_layer_cave
D:9:      layout_long_grid, chequers_temple_overflow_statue_of_worship,
          mainiacjoe_overflow_six_doors_small, kennysheep_mini,
          amcnicky_altar_gilded
D:10:     layout_layer_cave, orc_david_3, gammafunk_ghost_split
D:11:     layout_cross, minmay_lair_entry_grove, bh_circular_ruins, uniq_erolcha
D:12:     layout_roguey, portal_ice_cave_entry_pillars_1, serial_glass,
          glass_columns_b, glass_columns_b, uniq_urug
Temple:   eino_temple_scatter_basement

Skill      XL: |  1  2  3  4  5  6  7  8  9 10 11 |
---------------+----------------------------------+-----
Fighting       | 2 3 4 5 6 7 8 |  8.0
Dodging        | 1 2 3 4 5 6 |  6.2
Axes           | 1 2 3 4 5 6 7 |  7.5
Shields        | 2 3 4 5 6 |  6.6
Armour         | 5 6 7 |  7.8
Evocations     | 2 3 5 6 |  6.6
Maces & Flails | |  3.0

Action                   |  1- 3 |  4- 6 |  7- 9 | 10-12 || total
-------------------------+-------+-------+-------+-------++-------
Melee: Mace              |   118 |       |       |       ||   118
       Hand axe          |     5 |   201 |   310 |   394 ||   910
Invok: Call Merchant     |       |       |       |     1 ||     1
 Abil: Spit Poison       |     2 |    10 |    13 |     8 ||    33
Evoke: Wand              |       |       |       |    13 ||    13
  Use: Scroll            |       |     7 |     8 |     6 ||    21
       Potion            |       |     3 |     1 |     1 ||     5
 Stab: Distracted        |       |       |     1 |     2 ||     3
       Paralysed         |       |       |       |    24 ||    24
Armor: Scale mail        |    77 |   138 |   218 |   244 ||   677
Dodge: Dodged            |    42 |    87 |   155 |   236 ||   520
Block: Buckler           |    16 |    41 |    73 |    37 ||   167
       Tower shield      |       |       |       |   261 ||   261
